 Dungeon Crawl Stone Soup version 0.17-a0-547-g5e20af8 (webtiles) character file.

431 abixa the Insei (level 7, 0/35 HPs)
             Began as a Vine Stalker Transmuter on Apr 13, 2015.
             Succumbed to an orc wizard's poison
             ... on level 4 of the Dungeon.
             The game lasted 00:11:54 (2608 turns).

abixa the Insei (Vine Stalker Transmuter)           Turns: 2608, Time: 00:11:55

Health: 0/35       AC:  8    Str: 13    XL:     7   Next: 0%
Magic:  5/11       EV: 17    Int: 15    God:
Gold:   220        SH:  0    Dex: 19    Spells: 3 memorised, 2 levels left

rFire  . . .     SeeInvis .       - Unarmed
rCold  . . .     Clarity  .     f - +0 leather armour
rNeg   . . .     SustAb   .     (no shield)
rPois  .         Gourm    .     (no helmet)
rElec  .         Spirit   +     r - +0 cloak
rCorr  .         Warding  .     (no gloves)
rMut   .         Stasis   .     k - +2 pair of boots
MR     .....                    (no amulet)
Stlth  +++.......               (no ring)
                                A - ring of stealth

@: agile, lethally poisoned (0 -> -16), appendage (expiring), invisible, not
resistant to hostile enchantments, fairly stealthy
A: fangs 2, horns 2, regeneration 2, shaggy fur 1, magic shield, antimagic bite,
no device heal 3, rot immunity
a: End Transformation


You were on level 4 of the Dungeon.
You were not hungry.
You had grown temporary horns.
You visited 1 branch of the dungeon, and saw 4 of its levels.

You collected 220 gold pieces.

Inventory:

Hand weapons
 x - a +0 hunting sling
Missiles
 b - 30 arrows
 g - 130 stones (quivered)
 l - 10 tomahawks
 v - 9 steel sling bullets
 D - 4 tomahawks of returning
 E - a throwing net
Armour
 e - a +0 ring mail
 f - a +0 leather armour (worn)
 k - a +2 pair of boots (worn)
 r - a +0 cloak (worn)
Jewellery
 A - a ring of stealth (left hand)
Magical devices
 y - a wand of paralysis (14)
 B - a wand of slowing (19)
Scrolls
 m - 2 scrolls of recharging {unknown}
 n - 2 scrolls of noise {unknown}
 q - 3 scrolls of identify {unknown}
 t - a scroll of enchant armour {unknown}
 u - a scroll of teleportation {unknown}
 w - a scroll of random uselessness {unknown}
 C - 2 scrolls of remove curse {unknown}
Potions
 c - a potion of lignification {unknown}
 h - 2 potions of agility
 i - a potion of invisibility
 o - a potion of mutation {unknown}
 p - 2 potions of resistance {unknown}
 z - a potion of restore abilities {unknown}
Books
 d - a book of Changes

   Spells                             Type                      Level
   a - Beastly Appendage              Transmutation                1
   b - Sticks to Snakes               Transmutation                2
   c - Spider Form                    Transmutation/Poison         3
   d - Ice Form                       Ice/Transmutation            4
   e - Blade Hands                    Transmutation                5
Comestibles
 a - 3 bread rations
 j - 4 meat rations
 s - 2 fruits
 F - a chunk of flesh


   Skills:
 + Level 2.2 Fighting
 - Level 1.5 Dodging
 + Level 5.8 Unarmed Combat
 - Level 2.1 Spellcasting
 + Level 4.5 Transmutations


You had 2 spell levels left.
You knew the following spells:

 Your Spells              Type           Power        Failure   Level  Hunger
a - Beastly Appendage     Trmt           ###...       4%          1    #......
b - Sticks to Snakes      Trmt           ###.......   8%          2    ###....
c - Blade Hands           Trmt           ###.......   94%         5    ######.


Dungeon Overview and Level Annotations

Branches:
Dungeon (4/15)
 Temple: D:4-7

Altars:
Qazlal


Innate Abilities, Weirdness & Mutations

You have extremely sharp teeth.
You heal very quickly.
You are covered in fur (AC +1).
When hurt, damage is shared between your health and your magic reserves.
Your bite disrupts and absorbs the magic of your enemies.
Potions and wands cannot restore your health.
You are immune to rotting.
You have a pair of horns on your head.


Message History

The orc wizard closely misses you. The hobgoblin barely misses you.
You feel very sick. The orc wizard casts a spell at you.
The puff of frost hits you!
* * * LOW HITPOINT WARNING * * *
You see here a club.
* * * LOW HITPOINT WARNING * * *
You feel sick.
Things that are here:
a ball python corpse; a giant newt corpse Drink which item? (? for menu, Esc to quit)
It was a potion of agility.
You feel agile all of a sudden.
Your transformation is almost over.
* * * LOW HITPOINT WARNING * * *
You feel very sick. The hobgoblin closely misses you.
Drink which item? (? for menu, Esc to quit)
It was a potion of invisibility.
You fade into invisibility!
You die...

#.#...).....##....
#.#######...##....
######.#.........###..#
#.#.#.#.#.######..#....
#.#.#.#.#..........#....
#.#.#.#.#.#.######.##.
#.#.#.#.#.##.# #.#
#.#.#.#.#.#)#.# #.#
#.#.#.#.#.#@##.# #.#
#.#.#.#.#g#.#.# #.#
#.#.#.#o#.##.# ...
#.#.#.#.#.#.# ...
#.#.....##.. .
.#†#...#.### #)#+....##
#.#.#...#.#
#.#.#.#+#)#####


You could see an orc wizard and a hobgoblin.

Vanquished Creatures
  An ogre (D:4)
  Ijyb (D:3)
  An iguana (D:4)
  An orc priest (D:3)
  2 orc wizards (D:3)
  A centaur skeleton (D:4)
  6 adders
  A worm (D:3)
  3 giant geckos
  An ooze (D:1)
  27 orcs
  5 giant cockroaches
  7 hobgoblins
  4 jackals (D:1)
  8 kobolds
  A quokka (D:2)
  A ball python (D:4)
  6 bats
  6 giant newts
  10 goblins
  13 rats
106 creatures vanquished.

Vanquished Creatures (collateral kills)
  A kobold (D:1)
1 creature vanquished.

Vanquished Creatures (others)
  An adder (D:2)
  An ooze (D:2)
  A hobgoblin (D:2)
3 creatures vanquished.

Grand Total: 110 creatures vanquished

Notes
Turn   | Place    | Note
--------------------------------------------------------------
     0 | D:1      | abixa, the Vine Stalker Transmuter, began the quest for the Orb.
     0 | D:1      | Reached XP level 1. HP: 9/9 MP: 4/4
    90 | D:1      | Reached XP level 2. HP: 12/14 MP: 6/6
   561 | D:1      | Reached skill level 4 in Unarmed Combat
   767 | D:1      | Reached XP level 3. HP: 17/17 MP: 7/7
   771 | D:1      | Learned a level 2 spell: Sticks to Snakes
   906 | D:2      | Found a stormy altar of Qazlal.
  1355 | D:2      | Reached XP level 4. HP: 21/21 MP: 6/8
  1642 | D:3      | Reached XP level 5. HP: 19/25 MP: 6/9
  1712 | D:3      | Reached skill level 5 in Unarmed Combat
  2029 | D:3      | Noticed Ijyb
  2066 | D:3      | Killed Ijyb
  2066 | D:3      | Reached skill level 1 in Fighting
  2066 | D:3      | Gained mutation: You heal very quickly. [Vine Stalker growth]
  2066 | D:3      | Reached XP level 6. HP: 27/30 MP: 10/10
  2076 | D:3      | Learned a level 5 spell: Blade Hands
  2595 | D:4      | Reached XP level 7. HP: 30/35 MP: 11/11
  2608 | D:4      | Succumbed to an orc wizard's poison

Action                   |  1- 3 |  4- 6 |  7- 9 || total
-------------------------+-------+-------+-------++-------
Melee: Unarmed           |   142 |   282 |     4 ||   428
Throw: Stone             |     2 |     8 |       ||    10
 Cast: Beastly Appendage |     2 |     7 |     1 ||    10
       Sticks to Snakes  |     2 |       |       ||     2
Evoke: Wand              |       |     1 |     2 ||     3
  Use: Potion            |       |       |     2 ||     2
 Stab: Paralysed         |       |     4 |       ||     4
       Distracted        |       |     1 |       ||     1
       Sleeping          |       |     1 |       ||     1
  Eat: Chunk             |     1 |     5 |       ||     6
